[Event "Hastings Masters"]
[Site "Horntye Park Sports Complex, "]
[Date "2012.01.05"]
[Round "9.1"]
[White "Shyam, Sundar M"]
[Black "Wang, Yue"]
[Result "1/2-1/2"]
[WhiteElo "2462"]
[BlackElo "2697"]
[PlyCount "50"]
[EventDate "2012.??.??"]
[TimeControl "120+23"]
[WhiteClock "0:17:43"]

1. e4 c6 2. d4 d5 3. Nc3 dxe4 4. Nxe4 Bf5 5. Ng3 Bg6 6. Nh3 e6 7. Nf4 Bd6 8. c3
Nf6 9. h4 Bxf4 10. Bxf4 h6 11. Qb3 Qe7 12. h5 Bh7 13. Be2 O-O 14. O-O a5 15. a4
Nd5 16. Bd2 Qc7 17. Bf3 Nd7 18. Rfe1 Rfd8 19. Nf1 N7f6 20. Re5 Nd7 21. Ree1
N5f6 22. Rad1 Qb6 23. Qxb6 Nxb6 24. Ra1 Nbd5 25. g4 Rac8 1/2-1/2

[Event "Hastings Masters"]
[Site "Horntye Park Sports Complex, "]
[Date "2012.01.05"]
[Round "9.2"]
[White "Vovk, Yuri"]
[Black "Lalith, Babu M.R"]
[Result "1/2-1/2"]
[WhiteElo "2571"]
[BlackElo "2484"]
[PlyCount "59"]
[EventDate "2012.??.??"]
[TimeControl "120+29"]
[WhiteClock "1:40:00"]
[BlackClock "0:57:03"]

1. e4 c6 2. d4 d5 3. Nc3 dxe4 4. Nxe4 Bf5 5. Ng3 Bg6 6. h4 h6 7. Nf3 Nd7 8. h5
Bh7 9. Bd3 Bxd3 10. Qxd3 e6 11. Bd2 Ngf6 12. O-O-O Qc7 13. Qe2 Be7 14. Ne5 O-O
15. Ng6 Rfe8 16. Nxe7+ Rxe7 17. Qf3 Qd6 18. Bf4 Qd5 19. Qa3 Ree8 20. f3 b5 21.
Kb1 a5 22. Qe3 Qc4 23. Ne4 Nxe4 24. fxe4 e5 25. dxe5 Nxe5 26. Qg3 Qe6 27. Rd4
Qf6 28. Rhd1 Re6 29. Bc1 a4 30. b3 1/2-1/2

[Event "Hastings Masters"]
[Site "Horntye Park Sports Complex, "]
[Date "2012.01.05"]
[Round "9.3"]
[White "Kjartansson, Gudmundur"]
[Black "Istratescu, Andrei"]
[Result "0-1"]
[WhiteElo "2326"]
[BlackElo "2627"]
[PlyCount "112"]
[EventDate "2012.??.??"]
[TimeControl "120+34"]
[WhiteClock "0:01:00"]
[BlackClock "1:40:00"]

1. d4 Nf6 2. c4 g6 3. Nc3 d5 4. e3 Bg7 5. Qb3 e6 6. Qa3 Nc6 7. Nf3 Ne7 8. Be2
O-O 9. O-O b6 10. Rd1 Bb7 11. b3 a5 12. Bd2 Ne4 13. Be1 Nf5 14. Rac1 a4 15.
bxa4 Nxc3 16. Qxc3 c5 17. cxd5 Qxd5 18. Qb3 cxd4 19. Rc7 Qxb3 20. axb3 Bd5 21.
g4 Nd6 22. Bb4 Rfd8 23. Nxd4 Ne8 24. Rc3 Rdc8 25. Rdc1 Rxc3 26. Rxc3 Nf6 27. f3
Nd7 28. Bc4 Bxd4 29. exd4 Bxc4 30. Rxc4 Nf6 31. Rc6 Nd5 32. Bd6 g5 33. Kf2 h6
34. Ke2 Kh7 35. Kd3 Kg6 36. Kc4 h5 37. h3 h4 38. Kb5 Ra5+ 39. Kc4 Ra8 40. Kd3
Kh7 41. f4 gxf4 42. Ke4 Kg6 43. Bxf4 b5 44. axb5 Ra3 45. b4 Rxh3 46. b6 Rb3 47.
Rc8 Nf6+ 48. Ke5 Rxb4 49. d5 Nd7+ 50. Kd6 Nxb6 51. Rg8+ Kh7 52. Rg5 Nxd5 53.
Rh5+ Kg6 54. Rg5+ Kf6 55. Bd2 Rd4 56. Rg8 Ne7+ 0-1

[Event "Hastings Masters"]
[Site "Horntye Park Sports Complex, "]
[Date "2012.01.05"]
[Round "9.4"]
[White "Edouard, Romain"]
[Black "Simacek, Pavel"]
[Result "1/2-1/2"]
[WhiteElo "2621"]
[BlackElo "2448"]
[PlyCount "98"]
[EventDate "2012.??.??"]
[TimeControl "120+21"]
[WhiteClock "0:46:14"]
[BlackClock "1:40:00"]

1. d4 Nf6 2. c4 c5 3. d5 e6 4. Nc3 exd5 5. cxd5 d6 6. Nf3 g6 7. Bf4 a6 8. a4
Bg7 9. h3 O-O 10. e3 Ne8 11. Be2 Nd7 12. O-O Rb8 13. Qc2 Qe7 14. Nd2 Ne5 15.
Bh2 f5 16. Rae1 Nf6 17. a5 Bd7 18. Qb3 Rfd8 19. Qa3 Be8 20. f4 Ned7 21. Bf3 b5
22. axb6 Nxb6 23. e4 fxe4 24. Ndxe4 Nxe4 25. Rxe4 Bd4+ 26. Kh1 Qg7 27. Qxa6 Bf7
28. Re7 Qf6 29. Rb7 Bxc3 30. bxc3 Nxd5 31. Rxb8 Rxb8 32. f5 Ne3 33. fxg6 Qxg6
34. Qxd6 Qxd6 35. Bxd6 Rd8 36. Re1 Nxg2 37. Rd1 Bb3 38. Rd2 Ne3 39. Kg1 Kf7 40.
Kf2 Ke6 41. Kxe3 Rxd6 42. Rb2 Bd5 43. Bg4+ Ke5 44. Rb5 Rc6 45. Rb7 h5 46. Be2
Rg6 47. Rh7 Rg3+ 48. Kd2 Rxh3 49. Rxh5+ Rxh5 1/2-1/2